 Dungeon Crawl Stone Soup version 0.28.0-53-g5a82cb258f (webtiles) character file.

Game seed: 9005107186888582070

306 LynnLen the Sneak (level 6, -3/37 HPs)
             Began as a Vampire Enchanter on Aug 16, 2022.
             Was a High Priest of Ignis.
             Slain by a river rat (4 damage)
             ... on level 3 of the Dungeon.
             The game lasted 00:10:00 (4262 turns).

LynnLen the Sneak (Vampire Enchanter)               Turns: 4262, Time: 00:10:01

Health: -3/37      AC:  2    Str:  7    XL:     6   Next: 16%
Magic:  5/9        EV: 12    Int: 17    God:    Ignis [*****.]
Gold:   57         SH:  0    Dex: 17    Spells: 6/9 levels left

rFire   + . .      SeeInvis +   a - +1 dagger
rCold   + + .      Faith    .   (no shield)
rNeg    + + +      Spirit   .   m - +0 robe of Mental Paralysis {Harm Fly rN+}
rPois   ∞          Reflect  .   (no helmet)
rElec   .          Harm     +   (no cloak)
rCorr   .          Rampage  .   (no gloves)
Will    .....                   (no boots)
Stlth   ++++++....              (no amulet)
HPRegen 0.00/turn               (no ring)
MPRegen 0.11/turn               (no ring)

@: confusing by touch, flying, bloodless, inhibited regen
A: bloodless, fangs 3, see invisible, vampiric 2
a: Bat Form, Revivify, Renounce Religion, Fiery Armour, Foxfire Swarm, Rising
Flame


You were on level 3 of the Dungeon.
You worshipped Ignis.
Ignis was extremely pleased with you.
You visited 1 branch of the dungeon, and saw 3 of its levels.

You collected 57 gold pieces.

Inventory:

Hand Weapons
 a - a +1 dagger (weapon)
Missiles
 d - 132 stones
 l - 5 poisoned darts
 p - 6 silver javelins
Armour
 b - a +1 robe
 m - the +0 robe of Mental Paralysis (worn) {Harm Fly rN+}
   (You found it on level 2 of the Dungeon)

   rN:        It protects you from negative energy.
   Fly:       It grants you flight.
   Harm:      It increases damage dealt and taken.
Wands
 f - a wand of flame (2)
 k - a wand of iceblast (9)
Scrolls
 e - 2 scrolls of fog
 h - a scroll of enchant weapon {unknown}
 i - 2 scrolls of enchant armour
Potions
 c - 2 potions of flight
 g - a potion of attraction
 n - 2 potions of berserk rage


   Skills:
 + Level 3.0 Fighting
 + Level 4.0 Short Blades
 - Level 2.1 Dodging
 + Level 7.2 Stealth
 - Level 2.0 Spellcasting
 - Level 4.4 Hexes


You had 6 spell levels left.
You knew the following spells:

 Your Spells              Type           Power      Damage    Failure   Level
a - Confusing Touch       Hex            16%        N/A       10%         3

Your spell library contained the following spells:

 Spells                   Type           Power      Damage    Failure   Level
 Tukima's Dance           Hex            16%        N/A       10%         3
 Ensorcelled Hibernation  Hex/Ice        18%        N/A       12%         2
 Dazzling Flash           Conj/Hex       18%        N/A       24%         3
 Gell's Gravitas          Tloc           1%         N/A       50%         3
 Teleport Other           Tloc           1%         N/A       50%         3
 Dispersal                Tloc           0%         N/A       100%        6


Dungeon Overview and Level Annotations

Branches:
Dungeon (3/15)

Altars:
Kikubaaqudgha
Qazlal
Ignis

Shops:
D:2 !


Innate Abilities, Weirdness & Mutations

You do not regenerate when monsters are visible.
You are frail without blood (-20% HP).
You can heal yourself when you bite living creatures.
You are immune to poison.
You have razor-sharp teeth.
You have supernaturally acute eyesight. (SInv)
You are afflicted with vampirism and can become a bat while bloodless.


Message History

The river rat is moderately wounded.
The river rat closely misses you.
You hit the river rat but do no damage.
The river rat is moderately wounded.
The river rat bites you!
* * * LOW HITPOINT WARNING * * *
You hit the river rat but do no damage.
You bite the river rat, but do no damage.
The river rat is moderately wounded.
The river rat closely misses you.
You closely miss the river rat. Your bite misses the river rat.
The river rat is moderately wounded.
You hit the river rat.
You bite the river rat, but do no damage.
The river rat is heavily wounded.
The river rat bites you.
* * * LOW HITPOINT WARNING * * *
You hit the river rat but do no damage.
The river rat is heavily wounded.
The river rat misses you.
You hit the river rat but do no damage.
The river rat is heavily wounded.
The river rat bites you.
* * * LOW HITPOINT WARNING * * *
You hit the river rat but do no damage. You punch the river rat.
The river rat is severely wounded.
The river rat twitches its whiskers.
The river rat barely misses you.
You hit the river rat but do no damage.
The river rat is severely wounded.
You barely miss the river rat.
The river rat is severely wounded.
The river rat misses you.
It was a potion of berserk rage.
You feel slightly irritated. The river rat barely misses you.
Casting: Confusing Touch (dangerous; 10% risk of failure)
Press: ? - help, Q - select action, (/) - cycle Dir - look around, f - activate Your hands begin to glow red.
The river rat bites you.
You die...

##########
#.≈≈≈#≈≈r#
#..≈≈#≈.@#
#.≈.≈'†≈≈#
#..≈†###+#
#...≈≈≈≈≈#
#....≈≈≈≈#
#.....≈.≈#
#........#
###...####
#..##


You could see a river rat.

Vanquished Creatures
  Grinder (D:3)
  5 adders
  A dart slug (D:1)
  6 orcs (D:3)
  4 endoplasms
  2 giant cockroaches
  5 hobgoblins
  4 jackals (D:1)
  A quokka (D:2)
  6 ball pythons
  2 bats
  A frilled lizard (D:2)
  3 goblins (D:3)
  4 kobolds
  8 rats
53 creatures vanquished.

Notes
Turn   | Place    | Note
-------+----------+-------------------------------------------
     0 | D:1      | LynnLen the Vampire Enchanter began the quest for the Orb.
     0 | D:1      | Reached XP level 1. HP: 13/13 MP: 3/3
   315 | D:1      | Reached XP level 2. HP: 16/16 MP: 5/5
   386 | D:1      | Reached skill level 5 in Stealth
   664 | D:2      | Reached skill level 1 in Fighting
  1228 | D:2      | Found a faded altar of an unknown god.
  1394 | D:2      | Prayed at the altar of an unknown god.
  1394 | D:2      | Became a worshipper of Ignis, the Dying Flame
  1588 | D:2      | Gained mutation: You are afflicted with vampirism and can
                  | become a bat while bloodless. [Vampire growth]
  1588 | D:2      | Reached XP level 3. HP: 20/20 MP: 6/6
  1595 | D:2      | Learned a level 3 spell: Confusing Touch
  1844 | D:2      | Found Badiod's Distillery.
  1861 | D:2      | Identified the +0 robe of Mental Paralysis {Harm Fly rN+}
  2432 | D:2      | Reached XP level 4. HP: 6/26 MP: 7/7
  3242 | D:3      | Noticed Grinder
  3253 | D:3      | Paralysed by Grinder for 4 turns
  3261 | D:3      | Paralysed by Grinder for 3 turns
  3270 | D:3      | Killed Grinder
  3271 | D:3      | Reached skill level 7 in Stealth
  3271 | D:3      | Reached XP level 5. HP: 10/32 MP: 4/8
  3271 | D:3      | Reached XP level 6. HP: 11/36 MP: 4/9
  3507 | D:3      | Found a stormy altar of Qazlal.
  3508 | D:3      | Found an ancient bone altar of Kikubaaqudgha.
  4257 | D:3      | HP: 1/37 [river rat (7)]
  4262 | D:3      | Slain by a river rat

Illustrated notes

Levels and vault maps discovered:
D:1:      mrwooster_arrival_statue_2, layout_rooms, minmay_shallow_snake_nest
D:2:      layout_loops_ring, hellmonk_ecumenical_altar_inner_sanctum,
          serial_shops, shop, minmay_goblin_kobold_house
D:3:      layout_rooms, mainiacjoe_overflow_divided_tiny, portal_sewer_entry_e,
          uniq_grinder

Skill      XL: |  1  2  3  4  5  6 |
---------------+-------------------+-----
Stealth        | 5 7 |  7.2
Fighting       | 1 2 3 |  3.0
Short Blades   | 2 3 4 |  4.0
Dodging        | |  2.1
Spellcasting   | |  2.0
Hexes          | |  4.4

Action                   |  1- 3 |  4- 6 || total
-------------------------+-------+-------++-------
Melee: Dagger            |   142 |    96 ||   238
       Bite              |    13 |     8 ||    21
       Punch             |     3 |     2 ||     5
 Cast: Confusing Touch   |       |    14 ||    14
 Abil: Exsanguinate      |     1 |       ||     1
  Use: Potion            |     4 |     2 ||     6
       Scroll            |     6 |       ||     6
 Stab: Sleeping          |    11 |     5 ||    16
       Invisible         |     1 |       ||     1
       Confused          |       |     8 ||     8
Armor: Robe              |    16 |     4 ||    20
Dodge: Dodged            |    80 |    35 ||   115
